 Dungeon Crawl Stone Soup version 0.28.0-49-g6dfe1f597d (webtiles) character file.

Game seed: 9390407079502561026

12 Spectrina the Ducker (level 2, -2/18 HPs)
             Began as a Deep Elf Monk on May 14, 2022.
             Killed by divine providence
             ... invoked by an orc priest
              (12 damage)
             ... on level 3 of the Dungeon.
             The game lasted 00:04:28 (457 turns).

Spectrina the Ducker (Deep Elf Monk)                 Turns: 457, Time: 00:04:28

Health: -2/18      AC:  3    Str:  8    XL:     2   Next: 20%
Magic:  4/4        EV: 13    Int: 14    God:
Gold:   27         SH:  0    Dex: 17    Spells: 1/1 levels left

rFire   . . .      SeeInvis .   a - +0 spear
rCold   . . .      Faith    .   (no shield)
rNeg    . . .      Spirit   .   b - +0 robe
rPois   .          Reflect  .   (no helmet)
rElec   .          Harm     .   (no cloak)
rCorr   .          Rampage  .   g - +0 pair of gloves
Will    .....                   (no boots)
Stlth   +.........              (no amulet)
HPRegen 0.06/turn               (no ring)
MPRegen 0.09/turn               (no ring)

@: confused
A: no striking features
a: no special abilities


You were on level 3 of the Dungeon.
You visited 1 branch of the dungeon, and saw 4 of its levels.

You collected 27 gold pieces.

Inventory:

Hand Weapons
 a - a +0 spear (weapon)
Missiles
 f - 21 stones (quivered)
Armour
 b - a +0 robe (worn)
 g - a +0 pair of gloves (worn)
Scrolls
 d - a scroll of brand weapon
Potions
 c - a potion of heal wounds


   Skills:
 - Level 2.4 Fighting
 + Level 2.7 Polearms
 - Level 3.6 Dodging
 - Level 2.4 Stealth


You had one spell level left.
You didn't know any spells.
Your spell library was empty.

Dungeon Overview and Level Annotations

Branches:
Dungeon (4/15)
 Temple: D:4-7

Altars:


Message History

There is a stone staircase leading down here.
Found a scroll labelled VAOC UMULOPAER.
Unknown command.
Found 21 stones.
e - a scroll labelled VAOC UMULOPAER You see here 21 stones.
f - 21 stones
Found a whip.
You see here a +0 whip.
Found a pair of gloves.
You see here a +0 pair of gloves.
You start putting on your armour.
You continue putting on your +0 pair of gloves. x4
You finish putting on your +0 pair of gloves.
Found 18 gold pieces.
Found a scroll labelled VAOC UMULOPAER.
You now have 27 gold pieces (gained 18).
e - 2 scrolls labelled VAOC UMULOPAER (gained 1)
An orc priest and an orc wizard come into view.
The orc priest shouts!
The orc wizard shouts!
You hear a shout!
The orc wizard gestures at you while chanting.
The magic dart hits you!
Ouch! That really hurt!
An orc comes into view. It is wielding a +0 dagger.
Unknown command.
Okay, then.
As you read the scroll labelled VAOC UMULOPAER, it crumbles to dust.
It is a scroll of identify.
d - a scroll of brand weapon
As you read the scroll of identify, it crumbles to dust.
c - a potion of heal wounds The orc wizard gestures at you while chanting.
You are confused.
Unknown command.
You're too confused to move!
The orc barely misses you.
The orc priest mumbles some strange prayers to Beogh against you.
Beogh smites you!
Ouch! That really hurt!
You die...

...........# #.##.##..o..
...........#####........oo.
........#..........o#
........#..........o#
........#........o..#
....................#
........#..#####o##.#
#########..#####o##.#
#..#....@...# #
####..#.###.#..#
...............#
###....###.#..# .#
#........#..... #.#
#.##.###.#...##
###.#####.##.#.......#
................###.#
#..#####.##.##### .#


You could see an orc priest, an orc wizard and an orc.

Vanquished Creatures
  2 ball pythons
  An endoplasm (D:1)
  A goblin (D:1)
  3 hobgoblins
  2 frilled lizards
  2 rats
  A toadstool (D:1)
12 creatures vanquished.

Vanquished Creatures (others)
  3 toadstools (D:1)
3 creatures vanquished.

Grand Total: 15 creatures vanquished

Notes
Turn   | Place    | Note
-------+----------+-------------------------------------------
     0 | D:1      | Spectrina the Deep Elf Monk began the quest for the Orb.
     0 | D:1      | Reached XP level 1. HP: 13/13 MP: 3/3
   247 | D:2      | Reached XP level 2. HP: 16/18 MP: 4/4
   321 | D:4      | Noticed a scorpion
   457 | D:3      | Killed from afar by an orc priest

Illustrated notes

Levels and vault maps discovered:
D:1:      ldierk_water_garden, layout_loops_ring,
          dreamdust_ecumenical_altar_hidden_monk_grotto, serial_bayou_crossing
D:2:      layout_loops_corners, basic_altar, minmay_misc_feat_doors
D:3:      layout_basic, mainiacjoe_overflow_paths
D:4:      layout_basic, old_standard_altar, nicolae_overflow_crystal_walls,
          minmay_temple_entry_nine_rooms

Action                   || total
-------------------------++-------
Melee: Spear             ||    35
  Use: Scroll            ||     2
 Stab: Sleeping          ||     6
Armor: Robe              ||     4
Dodge: Dodged            ||    15
